Map: Overgrowth LE

Players

Eggnog - Winner!

  • Race: Terran Terran
  • Spawn Location: 7:00

baggedluggag

  • Race: Protoss Protoss
  • Spawn Location: 1:00

VOD

Have the link to the VOD?

Description

Time

  • Played on: May 5, 2023, 2:40 a.m.
  • Length: 4:43
Show
View Real Time Build Order
Export as new Build Order

Eggnog Terran - Winner!

Build Orders:  

Get SALT Encoding   

  12  0:01  SCV  
  13  0:17  SCV, Supply Depot  
  14  0:29  SCV  
  15  0:43  Barracks  
  15  0:50  Barracks  
  15  0:53  Refinery  
  15  1:05  Barracks  
  15  1:09  SCV  
  16  1:21  SCV  
  17  1:29  Marine  
  18  1:36  SCV  
  18  1:37  Barracks Tech Lab  
  19  1:47  Supply Depot  
  19  1:48  Marine  
  19  1:51  Barracks Tech Lab  
  20  1:56  SCV  
  20  2:00  Marauder  
  23  2:12  Marauder  
  23  2:14  Marine  
  26  2:17  Supply Depot  
  26  2:24  Marauder  
  28  2:32  Marine  
  28  2:35  Marauder  
  31  2:46  Marauder  
  33  3:03  Marine  
  33  3:05  Marauder  
  36  3:08  Marauder  
  38  3:21  Marine  
  39  3:31  Supply Depot  
  39  3:52  Marine  
  39  3:53  Marauder x2  
Show
View Real Time Build Order
Export as new Build Order

baggedluggag Protoss 

Build Orders:  

Get SALT Encoding   

  12  0:02  Probe (Chrono Boost)  
  13  0:13  Probe (Chrono Boost)  
  14  0:22  Pylon  
  14  0:28  Probe  
  15  0:40  Probe  
  16  0:46  Gateway  
  16  0:54  Probe  
  17  0:58  Assimilator  
  17  1:06  Probe  
  18  1:19  Probe  
  19  1:31  Probe  
  20  1:36  Cybernetics Core  
  20  1:43  Probe  
  20  1:44  Pylon  
  21  1:52  Assimilator  
  21  1:55  Probe (Chrono Boost)  
  22  2:07  Probe (Chrono Boost)  
  22  2:08  Zealot  
  25  2:14  Robotics Facility  
  25  2:21  Gateway  
  25  2:28  Shield Battery  
  25  2:35  Zealot  
  27  2:39  Probe  
  28  2:46  Warp Gate  
  28  2:51  Probe  
  29  2:55  Twilight Council  
  29  3:00  Pylon  
  29  3:03  Zealot (Chrono Boost)  
  31  3:18  Immortal, Probe  
  36  3:20  Stalker (Chrono Boost)  
  38  3:30  Probe  
  39  4:05  Probe  
Tags
 
Add a new tag
Caveats
  • Supply blocks, unpowered buildings, or Contaminate may cause inaccurate times.
  • Supply counts are checked every 10 seconds.